 Dungeon Crawl Stone Soup version 0.32-a0-999-gfa1cc04b1d (webtiles) character file.

Game seed: 3540764932967217218

55 javelincjr the Magician (level 3, 0/24 HPs)
             Began as a Demonspawn Hedge Wizard on Apr 24, 2024.
             Slain by a gnoll
             ... wielding a +0 spear
              (3 damage)
             ... on level 2 of the Dungeon.
             The game lasted 00:08:34 (1384 turns).

javelincjr the Magician (Demonspawn Hedge Wizard)   Turns: 1384, Time: 00:08:35

Health: 0/24       AC:  2    Str: 10    XL:     3   Next: 67%
Magic:  1/8        EV: 11    Int: 16    God:
Gold:   37         SH:  0    Dex: 12    Spells: 6/9 levels left

rFire   . . .        i - +0 spear
rCold   . . .        (no shield)
rNeg    . . .        b - +0 robe
rPois   .            c - +0 hat
rElec   .            (no cloak)
rCorr   .            (no gloves)
SInv    .            (no boots)
Will    .....        (no amulet)
Stlth   ++           (no ring)
HPRegen 0.24/turn    (no ring)
MPRegen 0.11/turn

%: no passive effects
@: no status effects
A: weakness stinger 2
a: no special abilities


You were on level 2 of the Dungeon.
You visited 1 branch of the dungeon, and saw 2 of its levels.

You collected 37 gold pieces.

Inventory:

Hand Weapons
 a - a +0 dagger
 i - a +0 spear (weapon)
Armour
 b - a +0 robe (worn)
 c - a +0 hat (worn)
 f - a +0 buckler
Scrolls
 e - a scroll of vulnerability {unknown}
 g - a scroll of identify {unknown}
 h - 2 scrolls of teleportation {unknown}
 k - a scroll of enchant armour {unknown}
Potions
 d - a potion of magic
 j - 2 potions of degeneration {unknown}
 l - a potion of resistance {unknown}


   Skills:
 + Level 2.0 Dodging
 + Level 2.2 Stealth
 * Level 3.5 Spellcasting
 + Level 1.6 Conjurations
 + Level 1.5 Summonings
 + Level 1.3 Translocations


You had 6 spell levels left.
You knew the following spells:

 Your Spells              Type           Power      Damage    Failure   Level
a - Magic Dart            Conj           32%        1d4       9%          1
b - Call Imp              Summ           14%        N/A       14%         2

Your spell library contained the following spells:

 Spells                   Type           Power      Damage    Failure   Level
 Blink                    Tloc           12%        N/A       16%         2
 Slow                     Hex            8%         N/A       19%         1
 Cigotuvi's Dreadful Rot  Necr/Alch/Air  4%         N/A       26%         2
 Mephitic Cloud           Conj/Alch/Air  4%         N/A       38%         3


Dungeon Overview and Level Annotations

Branches:
Dungeon (2/15)

Altars:


Innate Abilities, Weirdness & Mutations

You have a tail ending in a sharp stinger.


Message History

Confirm with . or Enter, or press ? or * to list all spells.
Aiming: Magic Dart (safe; 9% risk of failure)
Press: ? - help, Shift-Dir - straight line, f/p - gnoll
Aim: a gnoll, wielding a +0 club and quivering stones (moderately wounded, ally target, 100% to hit)
The magic dart hits the gnoll.
The gnoll is heavily wounded.
The gnoll barely misses you.
The gnoll throws a stone.
The stone barely misses you.
Your cerulean imp hits the gnoll but does no damage.
Casting: Magic Dart (safe; 9% risk of failure)
Confirm with . or Enter, or press ? or * to list all spells.
Aiming: Magic Dart (safe; 9% risk of failure)
Press: ? - help, Shift-Dir - straight line, f/p - gnoll
Aim: a gnoll, wielding a +0 club and quivering stones (heavily wounded, ally target, 100% to hit)
The magic dart hits the gnoll.
The gnoll is severely wounded.
The gnoll throws a stone.
The stone hits you. The gnoll barely misses you.
Your cerulean imp closely misses the gnoll.
Casting: Magic Dart (safe; 9% risk of failure)
Confirm with . or Enter, or press ? or * to list all spells.
Aiming: Magic Dart (safe; 9% risk of failure)
Press: ? - help, Shift-Dir - straight line, f/p - gnoll
Aim: a gnoll, wielding a +0 club and quivering stones (severely wounded, ally target, 100% to hit)
The magic dart hits the gnoll.
The gnoll is severely wounded.
The gnoll closely misses you.
Your cerulean imp hits the gnoll but does no damage.
Casting: Magic Dart (safe; 9% risk of failure)
Confirm with . or Enter, or press ? or * to list all spells.
Aiming: Magic Dart (safe; 9% risk of failure)
Press: ? - help, Shift-Dir - straight line, f/p - gnoll
Aim: a gnoll, wielding a +0 club and quivering stones (severely wounded, ally target, 100% to hit)
The magic dart hits the gnoll.
The gnoll is almost dead.
The gnoll hits you from afar with a +0 spear.
The gnoll hits you with a +0 club!
* * * LOW HITPOINT WARNING * * *
Your cerulean imp hits the gnoll but does no damage.
The gnoll hits you from afar with a +0 spear.
You die...

#.# .#
#.#####.####.#
#............#
...####.###..##
...####.# ..#
........###..#
...###.......#
#......g÷g).#
..........@.5#
........######
.########


You could see 2 gnolls and a friendly cerulean imp (summoned).

Vanquished Creatures
  A gnoll (D:2)
  A dart slug (D:1)
  2 endoplasms (D:1)
  4 giant cockroaches (D:1)
  2 goblins (D:1)
  A hobgoblin (D:1)
  A jackal (D:1)
  3 ball pythons (D:1)
  2 bats (D:1)
  2 kobolds
  A rat (D:1)
20 creatures vanquished.

Vanquished Creatures (collateral kills)
  A gnoll (D:2)
  A ball python (D:1)
  An endoplasm (D:1)
  4 hobgoblins
  A jackal (D:2)
  A bat (D:1)
  2 goblins
  A rat (D:1)
12 creatures vanquished.

Grand Total: 32 creatures vanquished

Notes
Turn   | Place    | Note
-------+----------+-------------------------------------------
     0 | D:1      | javelincjr the Demonspawn Hedge Wizard began the quest for
                  | the Orb.
     0 | D:1      | Reached XP level 1. HP: 13/13 MP: 4/4
   325 | D:1      | Reached skill level 1 in Translocations
   353 | D:1      | Gained mutation: You have a small tail. [demonic ancestry]
   353 | D:1      | Reached XP level 2. HP: 19/19 MP: 1/6
   385 | D:1      | Learned a level 2 spell: Call Imp
   518 | D:1      | Found a faded altar of an unknown god.
  1084 | D:2      | Gained mutation: You have a tail ending in a sharp stinger.
                  | [demonic ancestry]
  1084 | D:2      | Reached XP level 3. HP: 8/24 MP: 2/7
  1384 | D:2      | Slain by a gnoll

Illustrated notes

Levels and vault maps discovered:
D:1:      minmay_arrival_plants_in_alcoves, layout_basic,
          shapermc_ecumenical_altar_acropolis, chequers_serial_rivers_micro_b
D:2:      layout_loops_ring, nicolae_grassy_gnolls, uniq_crazy_yiuf_cottage,
          uniq_robin

Skill      XL: |  1  2 |
---------------+-------+-----
Translocations | 1 |  1.3
Stealth        | 2 |  2.2
Dodging        | 2 |  2.0
Spellcasting   | |  3.5
Conjurations   | |  1.6
Summonings     | |  1.5

Action                     || total
---------------------------++-------
  Melee: Dagger            ||    30
         Spear             ||    16
         Tailslap          ||     5
   Cast: Magic Dart        ||    35
         Call Imp          ||    16
 Armour: Robe              ||    45
  Dodge: Dodged            ||    31

Table legend: (Time is in decaauts)
 A = Elapsed time spent in this place.
 B = Non-inter-level travel time spent in this place.
 C = Inter-level travel time spent in this place.
 D = Time resting spent in this place.
 E = Time spent auto-exploring this place.
 F = Levels seen in this place.
 G = Mean time per level.
                   A        B        C        D        E       F      G
               +--------+--------+--------+--------+--------+-----+--------+
         Total |   1388 |   1363 |     25 |    192 |    794 |   2 |  694.0 |
       Dungeon |   1388 |   1363 |     25 |    192 |    794 |   2 |  694.0 |
               +--------+--------+--------+--------+--------+-----+--------+

Top non-repeatable levels by time:
     D:1: 1136 daAuts
     D:2: 252 daAuts
